 Dungeon Crawl Stone Soup version 0.23-a0-143-g1adec7bb76 (webtiles) character file.

839 Wolly the Poker (level 7, -2/50 HPs)
             Began as a Demonspawn Skald on Sept 1, 2018.
             Slain by a gnoll sergeant
             ... wielding a +2 spear of venom
              (11 damage)
             ... on level 3 of the Dungeon.
             The game lasted 00:19:29 (8408 turns).

Wolly the Poker (Demonspawn Skald)                  Turns: 8408, Time: 00:19:30

Health: -2/50      AC:  7    Str: 16    XL:     7   Next: 67%
Magic:  11/11      EV: 10    Int: 15    God:
Gold:   144        SH:  0    Dex: 12    Spells: 6/12 levels left

rFire    + + .     SeeInvis .   a - +1 trident
rCold    . . .     Gourm    .   (no shield)
rNeg     . . .     Faith    .   v - +0 scale mail
rPois    .         Spirit   .   (helmet restricted)
rElec    .         Reflect  .   (no cloak)
rCorr    .         Harm     .   (no gloves)
MR       .....                  y - +0 pair of boots
Stlth    +.........             (no amulet)
HPRegen  0.16/turn              w - +3 ring of strength
MPRegen  0.12/turn              i - ring of protection from fire

@: lethally poisoned (-2 -> -31)
A: horns 2, fire resistance 1, nightstalker 1, sturdy frame 1
a: no special abilities


You were on level 3 of the Dungeon.
You were not hungry.

You visited 1 branch of the dungeon, and saw 5 of its levels.

You collected 144 gold pieces.

Inventory:

Hand Weapons
 a - a +1 trident (weapon)
   (You found it on level 3 of the Dungeon)
Missiles
 g - 240 stones (quivered)
Armour
 l - a +0 chain mail
   (You found it on level 2 of the Dungeon)
 v - a +0 scale mail (worn)
   (You took it off an orc on level 3 of the Dungeon)
 y - a +0 pair of boots (worn)
   (You found it on level 3 of the Dungeon)
Jewellery
 i - a ring of protection from fire (right hand)
   (You found it on level 2 of the Dungeon)
 w - a +3 ring of strength (left hand)
   (You found it on level 3 of the Dungeon)
Wands
 d - a wand of iceblast (2)
   (You found it on level 3 of the Dungeon)
 t - a wand of flame (8)
   (You took it off Ijyb on level 3 of the Dungeon)
Scrolls
 b - a scroll of remove curse {@r2}
 c - a scroll of enchant weapon
 j - a scroll of fear {unknown}
 o - a scroll of random uselessness {unknown}
 p - 2 scrolls of teleportation {@r4}
 q - a scroll of amnesia {unknown}
 s - a scroll of immolation {unknown}
 x - a scroll of magic mapping {unknown}
Potions
 h - a potion of curing {@q1}
 k - 2 potions of heal wounds {@q2}
 m - a potion of mutation {!q}
 n - a potion of invisibility
 u - 2 potions of resistance
 z - 2 potions of brilliance {unknown}
 C - a potion of ambrosia {unknown}
Comestibles
 e - 6 rations {!d}


   Skills:
 - Level 2.0 Fighting
 * Level 7.0 Polearms
 - Level 0.8 Armour
 - Level 1.7 Dodging
 - Level 3.0 Spellcasting
 - Level 4.3 Charms


You had 6 spell levels left.
You knew the following spells:

 Your Spells              Type           Power        Failure   Level  Hunger
a - Infusion              Chrm           ###.         9%          1    #......
e - Regeneration          Chrm/Necr      #.........   52%         3    ###....
w - Song of Slaying       Chrm           ###.....     12%         2    ##.....

Your spell library contained the following spells:

 Spells                   Type           Power        Failure   Level  Hunger
 Shroud of Golubria       Chrm/Tloc      #.........   30%         2    ##.....
 Spectral Weapon          Hex/Chrm       #.......     52%         3    ###....


Dungeon Overview and Level Annotations

Branches:
Dungeon (5/15)
 Temple: D:4-7

Altars:


Innate Abilities, Weirdness & Mutations

You have a pair of horns on your head.
Your flesh is heat resistant. (rF+)
You are slightly more attuned to the shadows.
Your movements are slightly less encumbered by armour. (ER -2)


Message History

Anything else - Cancel.
You shout for attention!
You start waiting.
The gnoll sergeant is too close now for your liking.
Aim: a gnoll sergeant, wielding a spear of venom, wearing a scale mail and The puff of flame hits the gnoll sergeant.
The gnoll sergeant appears unharmed.
The gnoll sergeant shouts!
You hear a shout!
Aim: a gnoll sergeant, wielding a spear of venom, wearing a scale mail and The gnoll sergeant blocks the puff of flame.
Aim: a gnoll sergeant, wielding a spear of venom, wearing a scale mail and The puff of flame hits the gnoll sergeant.
Aim: a gnoll sergeant, wielding a spear of venom, wearing a scale mail and The puff of flame hits the gnoll sergeant.
The gnoll sergeant appears unharmed.
The gnoll sergeant hits you with a spear of venom!
You are poisoned.
There is a stone staircase leading up here.
You feel sick.
The gnoll sergeant hits you with a spear of venom.
You are more poisoned.
The gnoll closely misses you.
You climb upwards.
You feel sick.
There is a stone staircase leading down here.
You hit the gnoll sergeant.
You feel sick.
The gnoll sergeant hits you with a spear of venom.
You are more poisoned.
You barely miss the gnoll sergeant. You headbutt the gnoll sergeant.
You feel very sick. The gnoll sergeant barely misses you.
The gnoll sergeant blocks your attack.
You feel sick.
The gnoll sergeant hits you with a spear of venom!
* * * LOW HITPOINT WARNING * * *
You are more poisoned.
The gnoll sergeant blocks your attack.
You headbutt the gnoll sergeant.
* * * LOW HITPOINT WARNING * * *
You feel very sick. The gnoll sergeant closely misses you.
You closely miss the gnoll sergeant.
* * * LOW HITPOINT WARNING * * *
You feel sick. The gnoll sergeant closely misses you.
You puncture the gnoll sergeant!
* * * LOW HITPOINT WARNING * * *
You feel very sick. The gnoll sergeant barely misses you.
The gnoll sergeant blocks your attack.
* * * LOW HITPOINT WARNING * * *
You feel sick.
The gnoll sergeant hits you with a spear of venom!
You die...

#.# #...#...###.## #.#
##########..# ###.##
#..>......## ## #....#
#.......### .#
#....#####.......#
.####....#...........#
.............[.......#
.####....####........#
.###.....####...@(<..#
............#..g.....#
...##..........#####.#
.####....##.#...## #.#
.# #....#....#..###[#
#########..#..##...#.##
......#......#####....#
......#....### ###..#
........##.# #..#


You could see a gnoll sergeant.

Vanquished Creatures
  A hippogriff (D:4)
  A vampire (D:4)
  A centaur (D:5)
  2 orc priests
  A jelly (D:5)
  An orc wizard (D:4)
  A bullfrog skeleton (D:5)
  Ijyb (D:3)
  2 iguanas
  Robin (D:2)
  7 adders
  4 gnolls
  3 worms
  2 leopard geckos
  16 orcs
  3 giant cockroaches
  20 goblins
  7 hobgoblins
  A quokka (D:3)
  4 bats
  5 frilled lizards
  A jackal skeleton (D:2)
  8 kobolds
  8 rats
101 creatures vanquished.

Notes
Turn   | Place    | Note
-------+----------+-------------------------------------------
     0 | D:1      | Wolly the Demonspawn Skald began the quest for the Orb.
     0 | D:1      | Reached XP level 1. HP: 16/16 MP: 3/3
   428 | D:1      | Reached skill level 2 in Polearms
   627 | D:1      | Gained mutation: You have a pair of small horns on your
                  | head. [demonic ancestry]
   627 | D:1      | Reached XP level 2. HP: 19/22 MP: 5/5
   656 | D:1      | Learned a level 2 spell: Song of Slaying
  1568 | D:2      | Gained mutation: You have a pair of horns on your head.
                  | [demonic ancestry]
  1568 | D:2      | Reached XP level 3. HP: 9/27 MP: 6/6
  2046 | D:2      | Noticed Robin
  2100 | D:2      | Reached skill level 3 in Polearms
  2131 | D:2      | Killed Robin
  2131 | D:2      | Gained mutation: You are slightly more attuned to the
                  | shadows. [demonic ancestry]
  2131 | D:2      | Reached XP level 4. HP: 13/33 MP: 7/7
  3509 | D:3      | Noticed Ijyb
  3725 | D:3      | Reached XP level 5. HP: 27/38 MP: 9/9
  3853 | D:3      | HP: 1/38 [orc priest/divine providence (11)]
  4183 | D:2      | Learned a level 3 spell: Regeneration
  5144 | D:3      | Killed Ijyb
  5144 | D:3      | Reached skill level 4 in Polearms
  5344 | D:4      | Noticed a hippogriff
  5801 | D:4      | Killed a hippogriff
  5801 | D:4      | Reached skill level 5 in Polearms
  5801 | D:4      | Gained mutation: Your movements are slightly less
                  | encumbered by armour. (ER -2) [demonic ancestry]
  5801 | D:4      | Reached XP level 6. HP: 7/44 MP: 10/10
  6094 | D:4      | Noticed a vampire
  6146 | D:4      | Killed a vampire
  6146 | D:4      | Gained mutation: Your flesh is heat resistant. (rF+)
                  | [demonic ancestry]
  6146 | D:4      | Reached XP level 7. HP: 25/50 MP: 11/11
  6615 | D:4      | Reached skill level 6 in Polearms
  6746 | D:5      | Entered Level 5 of the Dungeon
  7719 | D:5      | Reached skill level 7 in Polearms
  8408 | D:3      | Slain by a gnoll sergeant

Vault maps used:
D:1:      grunt_arrival_lava_bath
D:2:      first_ration, minmay_randomly_rotated_circles, uniq_robin
D:3:      nrook_uturn, bh_walls_and_bars, uniq_ijyb
D:5:      kennysheep_mini_moat, serial_shops, nicolae_shop_behind_doors, shop,
          nicolae_shop_stone, kennysheep_mini, nicolae_shop_behind_doors,
          uniq_duvessa

Skill      XL: |  1  2  3  4  5  6  7 |
---------------+----------------------+-----
Polearms       | 2 3 5 7 |  7.0
Charms         | 3 4 |  4.3
Spellcasting   | 3 |  3.0
Fighting       | |  2.0
Armour         | |  0.8
Dodging        | |  1.7

Action                   |  1- 3 |  4- 6 |  7- 9 || total
-------------------------+-------+-------+-------++-------
Melee: Spear             |   166 |    51 |       ||   217
       Headbutt          |    16 |    21 |    15 ||    52
       Trident           |       |   145 |    80 ||   225
Throw: Stone             |    50 |    64 |     7 ||   121
Evoke: Wand              |       |    12 |     5 ||    17
  Use: Scroll            |     1 |     2 |     5 ||     8
       Potion            |     1 |     2 |     1 ||     4
 Stab: Sleeping          |     1 |     1 |       ||     2
  Eat: Chunk             |     4 |    12 |     1 ||    17
       Ration            |       |       |     2 ||     2
Armor: Leather armour    |    22 |    21 |       ||    43
       Skin              |    14 |    32 |       ||    46
       Scale mail        |       |    17 |    20 ||    37
Dodge: Dodged            |    51 |    81 |    29 ||   161

Table legend:
 A = Non-vault XP
 B = Vault XP
 C = Vault XP percentage of total XP
 D = Non-vault monster count
 E = Vault monster count
 F = Vault count percentage of total count
                 A         B        C        D         E       F
            +---------+---------+-------+---------+---------+-------
      Total |    1107 |      92 |   7.7 |      81 |      20 |  19.8
            +---------+---------+-------+---------+---------+-------
        D:1 |      24 |       0 |   0.0 |      15 |       0 |   0.0
        D:2 |     112 |      56 |  33.3 |      22 |      19 |  46.3
        D:3 |      86 |      36 |  29.5 |      20 |       1 |   4.8
        D:4 |     627 |       0 |   0.0 |      17 |       0 |   0.0
        D:5 |     258 |       0 |   0.0 |       7 |       0 |   0.0
            +---------+---------+-------+---------+---------+-------
